 Dungeon Sprint DCSS version 0.28-a0-390-gb254ac4902 (webtiles) character file.

Game seed: 10413181408497888503

75887 MikeHunt the Gelid (level 14, -8/119 HPs)
             Began as a Demonspawn Ice Elementalist on Sept 4, 2021.
             Was the Champion of Sif Muna.
             Shot with a bolt by a yaktaur captain (38 damage)
             ... in the Dungeon (Sprint III: "The Ten Rune Challenge").
             The game lasted 00:33:40 (7654 turns).

MikeHunt the Gelid (Demonspawn Ice Elementalist)    Turns: 7654, Time: 00:33:41

Health: -8/119     AC:  7    Str:  9    XL:     14   Next: 10%
Magic:  20/40      EV: 20    Int: 30    God:    Sif Muna [******]
Gold:   133        SH: 10    Dex: 17    Spells: 11/39 levels left

rFire   + + +      SeeInvis .     - Unarmed
rCold   . . .      Faith    .   w - +0 buckler
rNeg    . . .      Spirit   .   n - +1 robe "Iwkeiphibb" {Contam rF++ Will+ Dex+2}
rPois   +          Reflect  +   q - +1 hat
rElec   .          Harm     .   t - +1 cloak {Stlth+}
rCorr   .          Rampage  .   (gloves unavailable)
Will    +++..      NoTele   +   p - +0 pair of boots
Stlth   +++.......              z - amulet "Natenoen" {Reflect Drain rF+ Int+4 SH+5}
HPRegen 0.29/turn               a - ring of magical power
MPRegen 0.27/turn               o - ring of poison resistance

@: unable to drink
A: no potions, claws 3, ignite blood 2, spiny 1, big brain 3, demonic willpower
}: 2/10 runes: serpentine, barnacled
a: Renounce Religion, Channel Magic, Forget Spell, Divine Exegesis


You were in the Dungeon.
You worshipped Sif Muna.
Sif Muna was exalted by your worship.
You visited 1 branch You collected 2615 gold pieces.
You spent 2482 gold pieces at shops.

Inventory:

Missiles
 k - 5 javelins
 I - 7 curare-tipped darts
Armour
 h - a +1 robe of willpower
 m - a +2 kite shield of reflection {Donald}
 n - the +1 robe "Iwkeiphibb" (worn) {Contam rF++ Will+ Dex+2}
   (You bought it in a shop in the Dungeon)

   Dex:       It affects your dexterity (+2).
   rF:        It greatly protects you from fire.
   Contam:    It causes magical contamination when unequipped.
   Will:      It increases your willpower.
 p - a +0 pair of boots (worn)
 q - a +1 hat (worn)
 t - a +1 cloak of stealth (worn)
 v - the +2 ring mail of the Falcon {+Blink Int+5}
   (You bought it in a shop in the Dungeon)

   Int:       It affects your intelligence (+5).
   +Blink:    It lets you blink.
 w - a +0 buckler (worn)
Jewellery
 a - a ring of magical power (left claw)
 o - a ring of poison resistance (right claw)
 u - an amulet of reflection
 x - an amulet of guardian spirit
 z - the amulet "Natenoen" (around neck) {Reflect Drain rF+ Int+4 SH+5}
   (You took it off a deep elf demonologist in the Dungeon)

   [amulet of reflection]

   It reflects blocked missile attacks.
   Int:       It affects your intelligence (+4).
   rF:        It protects you from fire.
   Drain:     It drains your maximum health when unequipped.
   SH:        It affects your SH (+5).
 B - a ring of see invisible
 E - the ring of Ejaclapt {rElec Will+ Str+6}
   (You found it in the Dungeon)

   [ring of strength]

   Str:       It affects your strength (+6).
   rElec:     It insulates you from electricity.
   Will:      It increases your willpower.
 F - a ring of fire
Wands
 H - a wand of paralysis (7)
Scrolls
 g - a scroll of blinking
 j - 2 scrolls of immolation
 y - 3 scrolls of amnesia {unknown}
 A - 2 scrolls of silence {unknown}
Potions
 b - 6 potions of curing
 c - a potion of heal wounds
 d - a potion of haste
 e - 4 potions of magic
 i - 2 potions of mutation
 l - a potion of resistance
 r - a potion of might
 s - 3 potions of attraction
Miscellaneous
 f - a lightning rod (3/4) (quivered)
 C - a phantom mirror
 D - a tin of tremorstones (2/2)
 G - a phial of floods


   Skills:
 - Level 13.8 Fighting
 - Level 13.1 Dodging
 - Level 1.7 Stealth
 - Level 4.0 Shields
 - Level 14.1 Unarmed Combat
 - Level 13.3 Spellcasting
 - Level 7.7 Conjurations
 + Level 5.9 Necromancy
 - Level 16.0 Ice Magic
 - Level 8.0 Air Magic
 + Level 4.9 Earth Magic
 - Level 14.0 Invocations
 - Level 11.7 Evocations


You had 11 spell levels left.
You knew the following spells:

 Your Spells              Type           Power      Damage    Failure   Level
a - Hailstorm             Conj/Ice       74%        3d15      1%          4
b - Frozen Ramparts       Ice            100%       1d12      0%          3
c - Ozocubu's Refrigerat  Ice            43%        4d13      1%          7
d - Lightning Bolt        Conj/Air       30%        1d47      1%          5
e - Freeze                Ice            100%       1d11      0%          1
f - Borgnjor's Vile Clut  Necr/Erth      25%        N/A       3%          5
x - Ozocubu's Armour      Ice            86%        N/A       0%          3

Your spell library contained the following spells:

 Spells                   Type           Power      Damage    Failure   Level
 Apportation              Tloc           38%        N/A       1%          1
 Corona                   Hex            21%        N/A       1%          1
 Foxfire                  Conj/Fire      100%       2x1d9     1%          1
 Shock                    Conj/Air       100%       1d9       1%          1
 Summon Small Mammal      Summ           76%        N/A       1%          1
 Blink                    Tloc           N/A        N/A       1%          2
 Call Imp                 Summ           19%        N/A       1%          2
 Corpse Rot               Necr/Air       N/A        N/A       1%          2
 Ensorcelled Hibernation  Hex/Ice        100%       N/A       1%          2
 Passwall                 Tmut/Erth      28%        N/A       1%          2
 Poisonous Vapours        Pois/Air       86%        N/A       1%          2
 Scorch                   Fire           38%        2d7       1%          2
 Slow                     Hex            19%        N/A       1%          2
 Static Discharge         Conj/Air       61%        N/A       1%          2
 Sublimation of Blood     Necr           27%        N/A       1%          2
 Wereblood                Tmut           19%        N/A       1%          2
 Conjure Flame            Conj/Fire      43%        6-21      1%          3
 Dazzling Flash           Conj/Hex       86%        N/A       1%          3
 Mephitic Cloud           Conj/Pois/Air  51%        N/A       1%          3
 Stone Arrow              Conj/Erth      100%       3d13      1%          3
 Swiftness                Air            61%        N/A       1%          3
 Airstrike                Air            30%        N/A       1%          4
 Animate Dead             Necr           27%        N/A       1%          4
 Flame Wave               Conj/Fire      43%        3d9       1%          4
 Ice Form                 Ice/Tmut       62%        N/A       1%          4
 Iskenderun's Mystic Bla  Conj/Tloc      43%        2d10      1%          4
 Sticky Flame             Conj/Fire      43%        2d6       1%          4
 Summon Ice Beast         Ice/Summ       62%        N/A       1%          4
 Freezing Cloud           Conj/Ice/Air   35%        6-21      1%          5
 Iskenderun's Battlesphe  Conj           60%        2d11      1%          5
 Metabolic Englaciation   Hex/Ice        31%        N/A       1%          5
 Simulacrum               Ice/Necr       36%        N/A       1%          6
 Call Canine Familiar     Summ           19%        N/A       3%          3
 Confusing Touch          Hex            19%        N/A       3%          3
 Gell's Gravitas          Tloc           9%         N/A       3%          3
 Ignite Poison            Fire/Tmut/Pois 19%        N/A       3%          3
 Portal Projectile        Hex/Tloc       38%        N/A       3%          3
 Summon Guardian Golem    Hex/Summ       19%        N/A       3%          3
 Teleport Other           Tloc           19%        N/A       3%          3
 Tukima's Dance           Hex            19%        N/A       3%          3
 Animate Armour           Summ/Erth      68%        N/A       3%          4
 Bolt of Magma            Conj/Fire/Erth 22%        4d11      4%          5
 Fireball                 Conj/Fire      21%        3d10      6%          5
 Silence                  Hex/Air        21%        N/A       6%          5
 Conjure Ball Lightning   Conj/Air       30%        3x3d10    6%          6
 Cause Fear               Hex            9%         N/A       11%         4
 Olgreb's Toxic Radiance  Pois           19%        N/A       11%         4
 Iron Shot                Conj/Erth      27%        9d6       12%         6
 Death Channel            Necr           27%        N/A       13%         6
 Summon Mana Viper        Hex/Summ       19%        N/A       26%         5
 Yara's Violent Unravell  Hex/Tmut       9%         3d6       26%         5
 Starburst                Conj/Fire      21%        6d7       30%         6
 Orb of Destruction       Conj           30%        9d11      32%         7
 Statue Form              Tmut/Erth      22%        N/A       45%         6
 Polar Vortex             Ice            43%        N/A       77%         9
 Dispersal                Tloc           9%         N/A       80%         6
 Invisibility             Hex            9%         N/A       80%         6
 Lehudib's Crystal Spear  Conj/Erth      27%        10d7      99%         8
 Malign Gateway           Summ/Tloc      9%         N/A       100%        7
 Discord                  Hex            9%         N/A       100%        8
 Ignition                 Fire           9%         3d5       100%        8
 Chain Lightning          Conj/Air       30%        3d40      100%        9
 Dragon's Call            Summ           9%         N/A       100%        9
 Fire Storm               Conj/Fire      21%        8d6       100%        9


Dungeon Overview and Level Annotations

Branches:
Dungeon (1/1)

Altars:
Cheibriados
Dithmenos
Elyvilon
Fedhas
Gozag
Hepliaklqana
Kikubaaqudgha
Makhleb
Nemelex Xobeh
Okawaru
Qazlal
Ru
Sif Muna
Trog
Uskayaw
Vehumet
Wu Jian
Xom
Yredelemnul
Zin
The Shining One
Beogh
Jiyva
Lugonu

Shops:
D [:??=([


Innate Abilities, Weirdness & Mutations

You cannot drink.
You have claws for hands.
Your demonic aura often causes spilled blood to erupt in flames.
You are partially covered in sharp spines.
You have an absolutely massive brain. (Int +6, Wiz)
You punish those that try to bend your will. (Will+)


Message History

You hear a shout! x2
A nearby plant withers and dies.
The zombie hands lose their grip on the plant.
A nearby plant withers and dies.
A nearby plant withers and dies.
Items here: )) [ †.
A yaktaur and 2 yaktaur captains come into view.
The yaktaur moves out of view.
The yaktaur captain moves out of view.
What are your orders? t - Shout!
Orders for allies: a - Attack new target. r - Retreat! s - Stop attacking. g - Guard the area. f - Follow me.
Anything else - Cancel.
You shout for attention!
You feel less invigorated.
You hear a shout!
The yaktaur captain wields a +0 arbalest.
The yaktaur captain shoots a bolt.
The bolt hits you!!
Casting: Borgnjor's Vile Clutch (dangerous; 3% risk of failure)
Confirm with . or Enter, or press ? or * to list all spells.
The heat is drained from your surroundings.
You feel very cold.
The yaktaur captain is frozen.
The yaktaur captain is moderately wounded.
Casting: Ozocubu's Refrigeration (dangerous; 1% risk of failure)
Confirm with . or Enter, or press ? or * to list all spells.
The heat is drained from your surroundings.
You feel very cold.
The yaktaur captains and the yaktaur are frozen.
The yaktaur captain is heavily wounded.
The yaktaur shouts!
The yaktaur is heavily wounded.
The yaktaur captain is heavily wounded.
The yaktaur wields a +2 arbalest of freezing.
It is covered in frost.
The yaktaur shoots a bolt.
The bolt hits you!! The bolt freezes you!
The yaktaur captain wields a +0 arbalest.
The yaktaur captain shoots a bolt.
The bolt hits you!!
* * * LOW HITPOINT WARNING * * *
The yaktaur captain shoots a bolt.
The bolt hits you!!!
You die...

#[.#.##.###.#.....^#††.≈≈#
.#.#.##.#.)##....^.#.†.†≈≈≈#
.#..#..##.['.......#..†††≈≈#
▓▓▓▓▓▓▓▓▓▓▓#^..^...#†..†††.#
.....≈≈≈...#^......#.......#
≈≈≈≈≈≈≈♣♣..'^.....^#.......#
♣♣♣♣♣♣♣♣♣.P#....^.^#########
♣♣♣##)######## ♣♣♣♣♣♣♣♣♣
#..)'@≈≈≈≈# ≈≈≈≈≈≈..#
#...#☼≈≈≈≈# ≈≈≈≈≈...#
#...#.#≈§§#
'≈≈≈≈°####+#####.#c≈≈≈#
#≈≈..○°○○§○#.....# #§§§≈
#≈.((##### #.)...# c≈§≈
#...#......#..)..# #≈§
....#♣♣♣._.#...).# c≈
############+#####


You could see 2 yaktaur captains and a yaktaur.

Vanquished Creatures
  Rupert (D)
  A deep elf blademaster (D)
  Polyphemus (D)
  Frances (D)
  Gastronok (D)
  Donald (D)
  Ilsuiw (D)
  A nagaraja (D)
  4 deep elf demonologists (D)
  2 dire elephants (D)
  A merfolk javelineer (D)
  2 deep elf high priests (D)
  Erolcha (D)
  A naga warrior (D)
  2 hydras (D)
  5 anacondas (D)
  4 death yaks (D)
  2 orc high priests (D)
  2 deep elf knights (D)
  Urug (D)
  A death drake (D)
  A sea snake (D)
  A spriggan druid (D)
  A lindwurm (D)
  2 deep elf pyromancers (D)
  2 deep elf zephyrmancers (D)
  An orc knight (D)
  2 elephants (D)
  A guardian serpent (D)
  6 black mambas (D)
  2 cane toads (D)
  A rime drake (D)
  A komodo dragon (D)
  3 wandering mushrooms (D)
  2 tyrant leeches (D)
  A queen bee (D)
  3 dream sheep (D)
  8 blink frogs (D)
  5 redbacks (D)
  2 spriggans (D)
  A shadow (D)
  A spatial vortex (D)
  2 nagas (D)
  6 water moccasins (D)
  2 orc warriors (D)
  A swamp drake (D)
  A necrophage (D)
  5 two-headed ogres (D)
  A scorpion (D)
  A water elemental (D)
  32 killer bees (D)
  An electric eel (D)
  A jelly (D)
  5 orc priests (D)
  Jessica (D)
  A wizard (D)
  A necromancer (D)
  3 orc wizards (D)
  3 humans (D)
  A kobold demonologist (D)
  3 adders (D)
  9 orcs (D)
  2 rats (D)
165 creatures vanquished.

Vanquished Creatures (others)
  20 plants (D)
20 creatures vanquished.

Grand Total: 185 creatures vanquished

Notes
Turn   | Place    | Note
-------+----------+-------------------------------------------
     0 | D        | MikeHunt the Demonspawn Ice Elementalist began the quest
                  | for the Orb.
     0 | D        | Reached XP level 1. HP: 13/13 MP: 3/3
    45 | D        | Noticed Jessica
    53 | D        | Killed Jessica
    54 | D        | Reached skill level 4 in Ice Magic
    54 | D        | Gained mutation: You have sharp fingernails. [demonic
                  | ancestry]
    54 | D        | Reached XP level 2. HP: 16/19 MP: 1/7
   128 | D        | Reached skill level 5 in Spellcasting
   128 | D        | Reached skill level 5 in Ice Magic
   128 | D        | Reached XP level 3. HP: 19/24 MP: 2/9
   180 | D        | Noticed a scorpion
   184 | D        | Killed a scorpion
   185 | D        | Reached skill level 6 in Ice Magic
   185 | D        | Gained mutation: Your demonic aura sometimes causes spilled
                  | blood to erupt in flames. [demonic ancestry]
   185 | D        | Reached XP level 4. HP: 13/30 MP: 4/13
   193 | D        | HP: 1/30 [poisoned by a scorpion]
   498 | D        | Learned a level 3 spell: Frozen Ramparts
   502 | D        | Learned a level 3 spell: Ozocubu's Armour
   507 | D        | Learned a level 4 spell: Hailstorm
   507 | D        | Noticed a water elemental
   511 | D        | Killed a water elemental
   512 | D        | Gained mutation: Your demonic aura often causes spilled
                  | blood to erupt in flames. [demonic ancestry]
   512 | D        | Reached XP level 5. HP: 25/38 MP: 5/14
   621 | D        | Found a radiant altar of Vehumet.
   622 | D        | Found a shimmering blue altar of Sif Muna.
   622 | D        | Found an ancient bone altar of Kikubaaqudgha.
   636 | D        | Became a worshipper of Sif Muna the Loreminder
   648 | D        | Found a basalt altar of Yredelemnul.
   648 | D        | Found a shadowy altar of Dithmenos.
   648 | D        | Found a sacrificial altar of Ru.
   648 | D        | Noticed a necrophage
   653 | D        | Reached skill level 1 in Invocations
   655 | D        | Killed a necrophage
   656 | D        | Reached skill level 1 in Unarmed Combat
   656 | D        | Reached skill level 7 in Ice Magic
   656 | D        | Reached XP level 6. HP: 31/47 MP: 3/17
   733 | D        | Noticed a deep elf pyromancer
   740 | D        | HP: 2/47 [deep elf pyromancer (16)]
   742 | D        | Killed a deep elf pyromancer
   742 | D        | Reached * piety under Sif Muna
   743 | D        | Reached skill level 5 in Fighting
   743 | D        | Reached skill level 5 in Dodging
   743 | D        | Reached skill level 5 in Conjurations
   743 | D        | Reached skill level 5 in Invocations
   743 | D        | Gained mutation: You have very sharp fingernails. [demonic
                  | ancestry]
   743 | D        | Reached XP level 7. HP: 3/56 MP: 8/19
  1021 | D        | Found a hide-covered altar of Uskayaw.
  1021 | D        | Found an iron altar of Okawaru.
  1021 | D        | Found a bloodstained altar of Trog.
  1021 | D        | Found an ornate altar of the Wu Jian Council.
  1021 | D        | Noticed a human
  1021 | D        | Noticed a human
  1027 | D        | Killed a human
  1028 | D        | Reached skill level 8 in Ice Magic
  1029 | D        | Killed a human
  1030 | D        | Gained mutation: You have an unusually large brain. (Int
                  | +2) [demonic ancestry]
  1030 | D        | Reached XP level 8. HP: 41/64 MP: 12/21
  1087 | D        | Reached ** piety under Sif Muna
  1107 | D        | Found a blossoming altar of Fedhas.
  1107 | D        | Found a stormy altar of Qazlal.
  1143 | D        | Found a snail-covered altar of Cheibriados.
  1143 | D        | Found a burning altar of Makhleb.
  1143 | D        | Found a hazy altar of Hepliaklqana.
  1143 | D        | Found a shimmering altar of Xom.
  1143 | D        | Found an opulent altar of Gozag.
  1143 | D        | Found a sparkling altar of Nemelex Xobeh.
  1143 | D        | Found a corrupted altar of Lugonu.
  1143 | D        | Found a viscous altar of Jiyva.
  1154 | D        | Reached skill level 5 in Unarmed Combat
  1296 | D        | Reached *** piety under Sif Muna
  1297 | D        | Reached skill level 1 in Evocations
  1540 | D        | Noticed an orc high priest
  1541 | D        | Noticed an orc knight
  1646 | D        | Reached **** piety under Sif Muna
  1668 | D        | Killed an orc knight
  1668 | D        | Reached ***** piety under Sif Muna
  1669 | D        | Reached skill level 9 in Ice Magic
  1669 | D        | Gained mutation: You have claws for hands. [demonic
                  | ancestry]
  1669 | D        | Reached XP level 9. HP: 18/72 MP: 11/22
  1918 | D        | Received a gift from Sif Muna
  1919 | D        | Got Sif Muna's Handbook of Icy Envenoming {god gift}
  1999 | D        | Killed an orc high priest
  2000 | D        | Reached skill level 10 in Spellcasting
  2062 | D        | Found Ciasyagh's Antique Armour Emporium.
  2081 | D        | Bought a colourful robe for 159 gold pieces
  2081 | D        | Identified the +1 robe "Iwkeiphibb" {Contam rF++ Will+
                  | Dex+2} (You bought it in a shop in the Dungeon)
  2081 | D        | Bought a cloak for 126 gold pieces
  2081 | D        | Bought a pair of boots for 126 gold pieces
  2124 | D        | Learned a level 7 spell: Ozocubu's Refrigeration
  2124 | D        | Noticed a two-headed ogre
  2141 | D        | Killed a two-headed ogre
  2141 | D        | Received a gift from Sif Muna
  2142 | D        | Got Sif Muna's Collected Works on Cloudy Cold {god gift}
  2509 | D        | Noticed Erolcha
  2510 | D        | Noticed a two-headed ogre
  2516 | D        | Killed a two-headed ogre
  2517 | D        | Reached skill level 5 in Evocations
  2520 | D        | Killed Erolcha
  2521 | D        | Reached skill level 10 in Ice Magic
  2521 | D        | Gained mutation: You are partially covered in sharp spines.
                  | [demonic ancestry]
  2521 | D        | Reached XP level 10. HP: 68/79 MP: 18/24
  2580 | D        | Received a gift from Sif Muna
  2598 | D        | Noticed a cane toad
  2598 | D        | Noticed a cane toad
  2601 | D        | Killed a cane toad
  2601 | D        | Killed a cane toad
  2602 | D        | Reached skill level 11 in Ice Magic
  3235 | D        | Reached skill level 10 in Unarmed Combat
  3307 | D        | Received a gift from Sif Muna
  3308 | D        | Reached skill level 12 in Ice Magic
  3308 | D        | Got Ziahecve's Disquisition on the Entrancing Traveller
                  | {god gift}
  3419 | D        | Noticed a lindwurm
  3424 | D        | Killed a lindwurm
  3425 | D        | Reached skill level 10 in Evocations
  3425 | D        | Gained mutation: You have an extremely huge brain. (Int +4)
                  | [demonic ancestry]
  3425 | D        | Reached XP level 11. HP: 79/84 MP: 15/25
  3543 | D        | Noticed Urug
  3550 | D        | Killed Urug
  3599 | D        | Noticed a six-headed hydra
  3599 | D        | Noticed a five-headed hydra
  3605 | D        | Killed a five-headed hydra
  3605 | D        | Received a gift from Sif Muna
  3606 | D        | Killed a six-headed hydra
  3607 | D        | Reached skill level 13 in Ice Magic
  3607 | D        | Got Sif Muna's Volume of the Gliding Arsonist {god gift}
  3608 | D        | Noticed a death drake
  3935 | D        | Killed a death drake
  3975 | D        | Found a blossoming altar of Fedhas.
  3975 | D        | Noticed a spriggan druid
  3986 | D        | Killed a spriggan druid
  4030 | D        | Noticed an anaconda
  4035 | D        | Reached ****** piety under Sif Muna
  4219 | D        | Received a gift from Sif Muna
  4222 | D        | Killed an anaconda
  4223 | D        | Got Sif Muna's Grimoire of Floating Bewitchment {god gift}
  4236 | D        | Noticed an anaconda
  4237 | D        | Noticed an anaconda
  4242 | D        | Killed an anaconda
  4245 | D        | Killed an anaconda
  4246 | D        | Reached skill level 10 in Fighting
  4246 | D        | Reached skill level 10 in Invocations
  4537 | D        | Received a gift from Sif Muna
  4542 | D        | Got Sif Muna's Papyrus of Arcane Weapons and Evil Rituals
                  | {god gift}
  4605 | D        | Noticed a dire elephant
  4608 | D        | Noticed a dire elephant
  4627 | D        | Killed a dire elephant
  4628 | D        | Reached skill level 10 in Dodging
  4628 | D        | Reached skill level 14 in Ice Magic
  4629 | D        | Reached XP level 12. HP: 16/99 MP: 14/26
  4946 | D        | Noticed Gastronok
  4960 | D        | Killed Gastronok
  5040 | D        | Killed a dire elephant
  5084 | D        | Noticed Rupert
  5093 | D        | Killed Rupert
  5389 | D        | Noticed an azure jelly
  5390 | D        | Noticed an azure jelly
  5390 | D        | Noticed an azure jelly
  5419 | D        | Received a gift from Sif Muna
  5420 | D        | Got Rasomeit's Almanac of Enchanting Cold {god gift}
  5584 | D        | Noticed a death yak
  5585 | D        | Noticed a death yak
  5585 | D        | Noticed a death yak
  5586 | D        | Noticed a death yak
  5590 | D        | Killed a death yak
  5591 | D        | Reached skill level 15 in Ice Magic
  5591 | D        | Killed a death yak
  5595 | D        | Killed a death yak
  5600 | D        | Received a gift from Sif Muna
  5600 | D        | Killed a death yak
  5601 | D        | Got Ettifum's Volume of the Earthen Blaze {god gift}
  5697 | D        | Noticed an azure jelly
  5706 | D        | Noticed Polyphemus
  5716 | D        | Killed Polyphemus
  5943 | D        | Noticed Ilsuiw
  5962 | D        | Killed Ilsuiw
  5962 | D        | Received a gift from Sif Muna
  5963 | D        | Gained mutation: You have an absolutely massive brain. (Int
                  | +6, Wiz) [demonic ancestry]
  5963 | D        | Reached XP level 13. HP: 68/111 MP: 2/27
  6092 | D        | Found Ceemo's Antique Armour Shoppe.
  6098 | D        | Reached skill level 16 in Ice Magic
  6167 | D        | Found Ybrocwohe's Book Boutique.
  6168 | D        | Found Siuc's Magic Scroll Emporium.
  6169 | D        | Noticed a merfolk javelineer
  6175 | D        | Killed a merfolk javelineer
  6197 | D        | Bought a runed cloak for 195 gold pieces
  6211 | D        | Bought a scroll of acquirement for 728 gold pieces
  6211 | D        | Bought a scroll of identify for 28 gold pieces
  6212 | D        | Bought a scroll of identify for 28 gold pieces
  6224 | D        | Got a barnacled rune of Zot
  6273 | D        | Learned a level 5 spell: Lightning Bolt
  6358 | D        | Received a gift from Sif Muna
  6359 | D        | Reached skill level 1 in Air Magic
  6371 | D        | Noticed a nagaraja
  6376 | D        | Received a gift from Sif Muna
  6376 | D        | Killed a nagaraja
  6377 | D        | Got Uproj's Grimoire of the Gliding Snowflakes {god gift}
  6378 | D        | Found Ajapnaro's Magic Scroll Shop.
  6378 | D        | Found Qileiz's Jewellery Shoppe.
  6382 | D        | Found Uwokly's Antique Weapon Boutique.
  6397 | D        | Got a serpentine rune of Zot
  6410 | D        | Bought a ring of poison resistance for 240 gold pieces
  6412 | D        | Acquired 777 gold pieces
  6417 | D        | Bought a ring of magical power for 240 gold pieces
  6417 | D        | Bought an amulet of reflection for 360 gold pieces
  6539 | D        | Bought a jacinth-encrusted ring mail for 252 gold pieces
  6539 | D        | Identified the +2 ring mail of the Falcon {+Blink Int+5}
                  | (You bought it in a shop in the Dungeon)
  6570 | D        | Received a gift from Sif Muna
  6571 | D        | Reached skill level 5 in Air Magic
  6571 | D        | Received a gift from Sif Muna
  6574 | D        | Got Fotuov's Guide on the Freezing Volcanoes {god gift}
  6576 | D        | Received a gift from Sif Muna
  6577 | D        | Got Sif Muna's Handbook of Dislocation {god gift}
  6702 | D        | Received a gift from Sif Muna
  6702 | D        | HP: 2/112 [deep elf knight/lance of force (23)]
  6834 | D        | Got Sif Muna's Handbook of the Ensnaring Snowflakes {god
                  | gift}
  7114 | D        | Identified the +4 rapier of Anxiety {venom, *Corrode Will+
                  | Str+7 SInv}
  7114 | D        | Identified the +0 leather armour "Esom" {Str-3 Int+6}
  7114 | D        | Noticed a deep elf demonologist
  7116 | D        | Killed a deep elf demonologist
  7117 | D        | Reached skill level 1 in Shields
  7119 | D        | Noticed a deep elf demonologist
  7121 | D        | Noticed an Ice Fiend
  7125 | D        | Killed a deep elf demonologist
  7125 | D        | Noticed a deep elf blademaster
  7131 | D        | Identified the +6 rapier "Qydgh" {chaos, rPois rC- Str+4
                  | Stlth+}
  7134 | D        | Identified the amulet "Natenoen" {Reflect Drain rF+ Int+4
                  | SH+5}
  7134 | D        | Noticed a deep elf demonologist
  7286 | D        | Noticed a Brimstone Fiend
  7288 | D        | Killed a deep elf demonologist
  7288 | D        | Noticed a deep elf demonologist
  7341 | D        | Noticed a blizzard demon
  7423 | D        | Killed a deep elf demonologist
  7434 | D        | Killed a deep elf blademaster
  7434 | D        | Received a gift from Sif Muna
  7435 | D        | Got Donuiw's Almanac of the Mutagenic Escort {god gift}
  7450 | D        | Got Ofeitam's Disquisition on the Twisted Entourage
  7452 | D        | Identified the ring of Ejaclapt {rElec Will+ Str+6}
  7471 | D        | Learned a level 5 spell: Borgnjor's Vile Clutch
  7530 | D        | Noticed Donald
  7530 | D        | Noticed Frances
  7536 | D        | Killed Frances
  7536 | D        | Killed Donald
  7537 | D        | Reached skill level 5 in Necromancy
  7537 | D        | Gained mutation: You punish those that try to bend your
                  | will. (Will+) [demonic ancestry]
  7537 | D        | Reached XP level 14. HP: 108/119 MP: 14/31
  7654 | D        | Shot with a bolt by a yaktaur captain

Illustrated notes

Levels and vault maps discovered:
D:        dungeon_sprint_mu [sprint_mu_entry_cave, sprint_mu_temple_rooms,
          sprint_mu_d1_spiders, sprint_mu_d2_genie, sprint_mu_d3_branching,
          sprint_mu_orc_legion, sprint_mu_elf_gauntlet, sprint_mu_hive_nellie,
          sprint_mu_lair_fedhas, sprint_mu_vaults_butterflies,
          sprint_mu_slime_circle, sprint_mu_shoals_archi,
          sprint_mu_snake_twists, sprint_mu_blade_basic,
          sprint_mu_crypt_fortress, sprint_mu_tomb_spiral,
          sprint_mu_vestibule_basic, sprint_mu_gehenna_hellfire,
          sprint_mu_dis_giant, sprint_mu_tartarus_statrot,
          sprint_mu_cocytus_islands, sprint_mu_zot1]

Skill      XL: |  1  2  3  4  5  6  7  8  9 10 11 12 13 |
---------------+----------------------------------------+-----
Spellcasting   | 4 5 7 8 9 10 13 | 13.3
Ice Magic      | 4 5 6 7 8 9 10 12 14 15 16 | 16.0
Fighting       | 2 3 5 7 10 13 | 13.8
Dodging        | 2 3 5 6 7 10 12 13 | 13.1
Conjurations   | 2 3 5 7 |  7.7
Invocations    | 2 5 6 8 9 10 13 14 | 14.0
Unarmed Combat | 1 4 5 8 10 11 14 | 14.1
Evocations     | 3 6 10 11 | 11.7
Air Magic      | 8 |  8.0
Shields        | 4 |  4.0
Necromancy     | 5 |  5.9
Earth Magic    | 4 |  4.9
Stealth        | |  1.7

Action                   |  1- 3 |  4- 6 |  7- 9 | 10-12 | 13-15 || total
-------------------------+-------+-------+-------+-------+-------++-------
Melee: Unarmed           |       |       |    14 |    79 |     5 ||    98
       Punch             |       |       |     1 |     4 |     1 ||     6
 Cast: Freeze            |    13 |    16 |    36 |     5 |       ||    70
       Frozen Ramparts   |       |     4 |    12 |    18 |       ||    34
       Ozocubu's Armour  |       |     1 |     5 |    14 |     1 ||    21
       Hailstorm         |       |       |     8 |     9 |     4 ||    21
       Chain Lightning   |       |       |       |     2 |       ||     2
       Ozocubu's Refrige |       |       |       |    16 |    58 ||    74
       Lightning Bolt    |       |       |       |     1 |       ||     1
       Borgnjor's Vile C |       |       |       |       |     1 ||     1
Invok: Divine Exegesis   |       |       |       |     3 |       ||     3
       Channel Magic     |       |       |       |       |     5 ||     5
Evoke: Lightning rod     |       |       |    10 |    37 |     8 ||    55
  Use: Potion            |       |       |     1 |       |     2 ||     3
       Scroll            |       |       |       |     4 |     3 ||     7
Armor: Robe              |     1 |     1 |     3 |    14 |     2 ||    21
Dodge: Dodged            |     5 |     5 |    26 |    74 |     8 ||   118
Block: Buckler           |       |       |       |       |     7 ||     7

Table legend: (Time is in decaauts)
 A = Elapsed time spent in this place.
 B = Non-inter-level travel time spent in this place.
 C = Inter-level travel time spent in this place.
 D = Time resting spent in this place.
 E = Time spent auto-exploring this place.
 F = Levels seen in this place.
 G = Mean time per level.
                   A        B        C        D        E       F      G
               +--------+--------+--------+--------+--------+-----+--------+
         Total |   7741 |   7296 |    445 |   5603 |     92 |   1 | 7741.0 |
       Dungeon |   7741 |   7296 |    445 |   5603 |     92 |   1 | 7741.0 |
               +--------+--------+--------+--------+--------+-----+--------+

Top non-repeatable levels by time:
       D: 7741 daAuts
